 Dungeon Crawl Stone Soup version 0.21-a0-582-g1b93aee (webtiles) character file.

150532 nikopol the Severer (level 17, -8/241 HPs)
             Began as a Hill Orc Berserker on Dec 19, 2017.
             Was a High Priest of Trog.
             Mangled by a naga
             ... wielding a +0 glaive
              (10 damage)
             ... on level 4 of the Snake Pit.
             The game lasted 02:36:55 (44521 turns).

nikopol the Severer (Hill Orc Berserker)           Turns: 44521, Time: 02:36:56

Health: -8/241     AC: 24    Str: 27    XL:     17   Next: 53%
Magic:  4/17       EV: 17    Int:  7    God:    Trog [*****.]
Gold:   1797       SH:  4    Dex: 15    Spells: 16/16 levels left

rFire    . . .     SeeInvis +   a - +9 executioner's axe (elec)
rCold    + . .     Gourm    .   (shield currently unavailable)
rNeg     . . .     Faith    .   l - +1 chain mail {rPois}
rPois    +         Spirit   .   V - +2 helmet {SInv}
rElec    +         Reflect  +   P - +1 cloak of Starlight {rElec rC+ EV+4 Stlth--}
rCorr    .         Harm     .   B - +0 pair of gloves
MR       +++..                  t - +1 pair of boots
Stlth    ..........             C - +4 amulet of reflection
HPRegen  1.50/turn              (no ring)
MPRegen  0.15/turn              v - ring of flight

@: berserking (expiring), lethally poisoned (-8 -> -13), regenerating, very
quick
A: no striking features
a: Berserk, Trog's Hand, Brothers in Arms, Burn Spellbooks, Renounce Religion,
Evoke Flight


You were on level 4 of the Snake Pit.
You worshipped Trog.
Trog was extremely pleased with you.
You were not hungry.

You visited 4 branches of the dungeon, and saw 27 of its levels.
You also visited: Labyrinth and Sewer.

You collected 3111 gold pieces.
You spent 1314 gold pieces at shops.

Inventory:

Hand Weapons
 a - a +9 executioner's axe of electrocution (weapon)
 z - a +4 shortbow of flaming
 X - the +10 flail of Neurosis {crush, rPois Dex+3 Stlth+}
   (You found it on level 6 of the Lair of Beasts)

   It inflicts extra damage upon your enemies.
   It affects your dexterity (+3).
   It protects you from poison.
   It makes you more stealthy.
Missiles
 s - 924 arrows
Armour
 l - a +1 chain mail of poison resistance (worn)
 t - a +1 pair of boots (worn)
 B - a +0 pair of gloves (worn)
 P - the +1 cloak of Starlight (worn) {rElec rC+ EV+4 Stlth--}
   (You found it on level 8 of the Dungeon)

   It affects your evasion (+4).
   It protects you from cold.
   It insulates you from electricity.
   It makes you much less stealthy.
 V - a +2 helmet of see invisible (worn)
Jewellery
 k - an uncursed ring of poison resistance
 q - an uncursed ring of protection from cold {unknown}
 v - a ring of flight (right hand)
 C - a +4 amulet of reflection (around neck)
Wands
 b - a wand of polymorph (13)
 g - a wand of iceblast (36)
 m - a wand of flame (38)
 E - a wand of paralysis (39)
 J - a wand of acid (28)
 T - a wand of digging (16)
Scrolls
 d - 15 scrolls of teleportation
 e - 4 scrolls of fear
 j - 2 scrolls of remove curse
 u - a scroll of enchant weapon
 w - 7 scrolls of identify
 x - 3 scrolls of fog
 F - a scroll of magic mapping
 H - 4 scrolls of enchant armour
 I - 5 scrolls of blinking
 N - 3 scrolls of summoning
Potions
 h - 2 potions of agility
 i - 3 potions of heal wounds
 n - 3 potions of brilliance
 o - 6 potions of might
 r - 8 potions of curing
 y - 3 potions of haste
 K - 2 potions of ambrosia
 L - 10 potions of flight
 M - a potion of invisibility
 Q - 4 potions of magic
 S - a potion of cancellation
Books
 p - a book of Changes

   Spells                             Type                      Level
   a - Beastly Appendage              Transmutation                1
   b - Sticks to Snakes               Transmutation                2
   c - Spider Form                    Transmutation/Poison         3
   d - Ice Form                       Ice/Transmutation            4
   e - Blade Hands                    Transmutation                5
   Trog disapproves of the use of such an item.
Comestibles
 c - 33 rations


   Skills:
 + Level 17.1 Fighting
 * Level 20.7 Axes
 - Level 0.5(12.1) Maces & Flails
 + Level 13.7 Bows
 + Level 13.6 Armour
 + Level 7.2 Dodging
 + Level 3.0 Stealth
 + Level 0.3 Evocations


You had 16 spell levels left.
You didn't know any spells.

Dungeon Overview and Level Annotations

Branches:
Dungeon (15/15)            Temple (0/1) D:6            Lair (6/6) D:9
 Shoals (0/4) Lair:2        Snake (4/4) Lair:3        Slime (0/5) Lair:6
    Orc (2/2) D:9             Elf (0/3) Orc:2        Vaults (0/5) D:14
 Depths (0/5) D:15

Altars:
Ashenzari
Cheibriados
Dithmenos
Fedhas
Kikubaaqudgha
Makhleb
Nemelex Xobeh
Qazlal
Ru
Sif Muna
Trog
Vehumet
Wu Jian
Xom
Yredelemnul
Zin
Beogh
Jiyva

Shops:
D:6 (   D:9 !   D:12 ?   D:13 [   Orc:1 (   Orc:2 [(?}   Snake:2 *

Annotations:
D:9 2 transporters


Message History

Trog will gift you weapons as you gain piety.
The air sparks with electricity, shocking you!
* * * LOW HITPOINT WARNING * * *
You feel sick. The naga misses you. The black mamba barely misses you.
You cut the naga into ribbons!!! Lightning courses through the naga!
You kill the naga!
Trog accepts your kill.
You slice the black mamba!!
You feel sick. The black mamba bites you.
* * * LOW HITPOINT WARNING * * *
The naga warrior spits poison at you. The splash of poison hits you!
You resist.
The naga mage points at you and mumbles some strange words.
The bolt of poison misses you.
The naga ritualist gestures wildly while chanting.
The naga ritualist begins to radiate toxic energy.
The naga spits poison at you.
The splash of poison reflects off an invisible shield around you!
The splash of poison hits the naga.
The naga hits you from afar with a glaive!
You die...

#....#..N.
...#.(..
#....N.#
#......#
#..N...#
#.(N#N.#
#(†N)..#
.#####N)@...###
.......S).......
......)))....#..
......NNNN...#
#............N.
######..N...####
#......#
#......#
#.....[#


You could see a naga warrior, 2 nagarajas, a naga sharpshooter, a naga
ritualist, a black mamba, 2 naga magi and 6 nagas.

Vanquished Creatures
  Rupert (D:13)
  Frances (D:14)
  Kirke (Snake:2)
  Agnes (D:14)
  2 nagarajas
  Azrael (D:13)
  A minotaur (Lab)
  An ettin (Orc:2)
  The ghost of arkorax the Cleaver, a journeyman NaGl of Cheibriados (D:11)
  A vault guard (D:14)
  6 hydras
  7 naga warriors
  Erolcha (Orc:1)
  2 centaur warriors
  6 anacondas
  3 catoblepae
  8 two-headed ogres
  A tengu warrior (D:15)
  6 death yaks (Lair:6)
  Urug (Orc:1)
  3 ogre magi
  8 shock serpents
  12 naga sharpshooters
  Nergalle (Lair:4)
  2 skeletal warriors (D:15)
  4 naga ritualists
  3 unseen horrors
  2 salamander mystics
  A phantasmal warrior (D:15)
  3 orc knights
  Pikel (D:5)
  9 mana vipers
  3 deep elf magi
  9 orc sorcerers
  2 salamanders (Snake:3)
  3 cyclopes
  A necromancer (D:15)
  4 manticores
  A fire giant zombie (D:15)
  6 ugly things
  A frost giant skeleton (D:15)
  Maurice (D:8)
  11 elephants
  A merfolk siren (Lair:2)
  31 black mambas
  2 guardian serpents
  14 naga magi
  2 gargoyles
  9 spiny frogs
  2 centaur skeletons (D:15)
  4 efreet
  A kobold demonologist (D:7)
  A redback zombie (D:15)
  5 komodo dragons
  A rime drake (Lair:6)
  A freezing wraith (D:15)
  6 meliai (D:15)
  A harpy zombie (D:15)
  A meliai (shapeshifter) (D:14)
  7 trolls
  2 hornets
  Grinder (D:5)
  Prince Ribbit (D:5)
  A fire dragon zombie (D:15)
  16 blink frogs
  15 slime creatures
  6 hippogriffs
  A deep troll skeleton (D:15)
  The ghost of DEFE the Chucker, an amateur DEAM (D:5)
  5 wyverns
  2 fire elementals (D:13)
  Sigmund (D:3)
  3 vampires
  A human (D:10)
  A basilisk (Lair:1)
  69 yaks
  8 hogs
  A steam dragon (D:9)
  15 vampire mosquitoes
  2 wargs
  33 nagas
  15 water moccasins
  10 porcupines
  4 hell hounds (D:13)
  18 orc warriors
  2 sky beasts
  A swamp drake (D:9)
  8 ice beasts
  2 slaves (D:5)
  4 black bears
  A hornet zombie (D:14)
  4 phantoms
  3 eyes of draining
  2 necrophages
  8 wolves
  9 ogres
  20 centaurs
  8 crocodiles
  9 big kobolds
  19 bullfrogs
  A wyvern skeleton (D:14)
  A water moccasin skeleton (D:5)
  8 scorpions
  4 killer bees (D:7)
  5 howler monkeys
  3 centaur zombies
  6 crimson imps
  A bullfrog zombie (D:10)
  2 quasits
  2 jellies
  16 orc priests
  9 hounds
  46 orc wizards
  2 bullfrog skeletons
  Ijyb (D:3)
  3 iguanas
  12 worker ants
  A hound zombie (D:9)
  A hound skeleton (D:10)
  2 worker ant zombies
  23 adders
  A howler monkey skeleton (D:11)
  3 river rats (Sewer)
  8 shadow imps
  An ooze (Sewer)
  2 adder skeletons (D:4)
  7 worms
  5 dart slugs
  13 leopard geckos
  116 orcs
  13 bats
  3 giant cockroaches
  5 goblins
  6 hobgoblins
  13 jackals
  12 kobolds
  5 quokkas
  9 ball pythons
  4 frilled lizards
  A jackal skeleton (D:6)
  A jackal zombie (D:6)
  A leopard gecko skeleton (D:4)
  14 rats
  A bush (Lair:6)
  8 fungi
  17 plants
982 creatures vanquished.

Vanquished Creatures (collateral kills)
  A hydra (D:13)
  A naga ritualist (Snake:2)
  A mana viper (Snake:2)
  A naga mage (Snake:2)
  A black mamba (Snake:4)
  A naga (Snake:2)
6 creatures vanquished.

Vanquished Creatures (others)
  A bullfrog (D:15)
  3 bushes
  17 fungi
  24 plants
  15 withered plants (D:15)
60 creatures vanquished.

Grand Total: 1048 creatures vanquished

Notes
Turn   | Place    | Note
-------+----------+-------------------------------------------
     0 | D:1      | nikopol the Hill Orc Berserker began the quest for the Orb.
     0 | D:1      | Reached XP level 1. HP: 19/19 MP: 1/1
    62 | D:1      | Reached XP level 2. HP: 25/27 MP: 2/2
   782 | D:1      | Reached XP level 3. HP: 30/33 MP: 3/3
   993 | D:2      | Reached ** piety under Trog
  1129 | D:2      | Found a stormy altar of Qazlal.
  1220 | D:2      | Reached skill level 5 in Axes
  1243 | D:2      | Found a deep blue altar of Sif Muna.
  1252 | D:2      | Found a blossoming altar of Fedhas.
  1253 | D:2      | Reached XP level 4. HP: 41/41 MP: 4/4
  1890 | D:3      | Reached XP level 5. HP: 42/47 MP: 5/5
  1974 | D:3      | Noticed Sigmund
  1983 | D:3      | Killed Sigmund
  1983 | D:3      | Reached skill level 6 in Axes
  1983 | D:3      | Reached XP level 6. HP: 55/55 MP: 6/6
  2209 | D:3      | Reached skill level 5 in Fighting
  2401 | D:3      | Reached *** piety under Trog
  2448 | D:3      | Noticed Ijyb
  2475 | D:3      | Killed Ijyb
  2475 | D:3      | Reached skill level 7 in Axes
  3076 | D:4      | Noticed a phantom
  3084 | D:4      | Found a glowing drain.
  3098 | Sewer    | Entered a sewer
  3139 | Sewer    | Reached XP level 7. HP: 56/61 MP: 7/7
  3349 | Sewer    | Reached skill level 8 in Axes
  3532 | Sewer    | Reached XP level 8. HP: 63/70 MP: 8/8
  3674 | Sewer    | Reached skill level 5 in Armour
  3753 | Sewer    | Reached skill level 9 in Axes
  4108 | D:4      | Reached **** piety under Trog
  4245 | D:4      | Found an ornate altar of the Wu Jian Council.
  4341 | D:5      | Entered Level 5 of the Dungeon
  4341 | D:5      | Noticed Grinder
  4341 | D:5      | Noticed DEFE's ghost (amateur DEAM)
  4342 | D:5      | Paralysed by Grinder for 2 turns
  4473 | D:5      | Noticed an angel
  4474 | D:5      | Found a glowing silver altar of Zin.
  4480 | D:5      | Found a shimmering altar of Xom.
  4493 | D:5      | Noticed Prince Ribbit
  4504 | D:5      | Killed Prince Ribbit
  4504 | D:5      | Reached skill level 10 in Axes
  4531 | D:5      | Killed DEFE's ghost
  4531 | D:5      | Reached skill level 1 in Stealth
  4786 | D:5      | Noticed Pikel
  4821 | D:5      | Killed Pikel
  4821 | D:5      | Reached skill level 11 in Axes
  4821 | D:5      | Reached XP level 9. HP: 79/79 MP: 9/9
  5034 | D:5      | Killed Grinder
  5069 | D:5      | Found a shadowy altar of Dithmenos.
  5458 | D:6      | Reached skill level 12 in Axes
  5927 | D:6      | Found a staircase to the Ecumenical Temple.
  6114 | D:6      | Found Yfahoceu's Weapon Shop.
  6234 | D:6      | Reached skill level 1 in Bows
  6384 | D:6      | Reached XP level 10. HP: 80/88 MP: 10/10
  7246 | D:7      | Found a transporter.
  7277 | D:6      | Received a gift from Trog
  7433 | D:7      | Found a transporter.
  7565 | D:7      | Reached ***** piety under Trog
  7768 | D:7      | Noticed a kobold demonologist
  7908 | D:7      | Found a burning altar of Makhleb.
  7938 | D:7      | Found a shattered altar of Ashenzari.
  8082 | D:8      | Noticed a deep elf mage
  8088 | D:8      | Noticed a sun demon
  8127 | D:8      | Noticed Maurice
  8338 | D:8      | Killed Maurice
  8518 | D:8      | Received a gift from Trog
  8591 | D:8      | Killed a deep elf mage
  8591 | D:8      | Reached skill level 13 in Axes
  8762 | D:8      | Reached skill level 5 in Bows
  8803 | D:8      | Found a snail-covered altar of Cheibriados.
  8805 | D:8      | Received a gift from Trog
  9025 | D:8      | Found the +1 cloak of Starlight {rElec rC+ EV+4 Stlth--}
  9320 | D:8      | Found a bloodstained altar of Trog.
  9364 | D:9      | Found an ancient bone altar of Kikubaaqudgha.
  9364 | D:9      | Found a basalt altar of Yredelemnul.
  9364 | D:9      | Noticed a flayed ghost
  9401 | D:9      | Noticed a two-headed ogre
  9412 | D:9      | Killed a two-headed ogre
  9412 | D:9      | Reached XP level 11. HP: 97/97 MP: 11/11
  9536 | D:9      | Found Jazelao's Distillery.
  9539 | D:9      | Noticed a two-headed ogre
  9553 | D:9      | Killed a two-headed ogre
  9617 | D:9      | Received a gift from Trog
  9625 | D:9      | Noticed a two-headed ogre
  9656 | D:9      | Killed a two-headed ogre
  9820 | D:9      | Found a transporter.
  9822 | D:9      | Found a transporter.
  9866 | D:9      | Bought a potion of heal wounds for 65 gold pieces
  9866 | D:9      | Bought a potion of heal wounds for 65 gold pieces
  9866 | D:9      | Bought a potion of heal wounds for 65 gold pieces
 10046 | D:9      | Found a staircase to the Lair.
 10080 | D:9      | Reached skill level 10 in Fighting
 10501 | D:9      | Received a gift from Trog
 10679 | D:9      | Found a staircase to the Orcish Mines.
 10792 | D:9      | Found a sparkling altar of Nemelex Xobeh.
 11170 | D:7      | Noticed a soul eater
 11594 | Lair:1   | Entered Level 1 of the Lair of Beasts
 11609 | Lair:1   | Noticed a five-headed hydra
 11623 | Lair:1   | Killed a five-headed hydra
 11712 | Lair:1   | Received a gift from Trog
 13593 | Lair:1   | Reached XP level 12. HP: 108/108 MP: 12/12
 14401 | Lair:2   | Reached skill level 14 in Axes
 14671 | Lair:2   | Found a staircase to the Shoals.
 15709 | Lair:3   | Reached skill level 5 in Dodging
 16194 | Lair:3   | Reached ****** piety under Trog
 16518 | Lair:3   | Received a gift from Trog
 16716 | Lair:3   | Found a staircase to the Snake Pit.
 17056 | Lair:4   | Reached skill level 10 in Armour
 17146 | Lair:4   | Reached XP level 13. HP: 90/119 MP: 13/13
 17502 | Lair:4   | Noticed Nergalle
 17517 | Lair:4   | Killed Nergalle
 18830 | Lair:5   | Reached skill level 10 in Bows
 19457 | Lair:5   | Received a gift from Trog
 19896 | Lair:6   | Entered Level 6 of the Lair of Beasts
 20029 | Lair:6   | Got a scorched flail
 20030 | Lair:6   | Identified the +10 flail of Neurosis {crush, rPois Dex+3 Stlth+} (You found it on level 6 of the Lair of Beasts)
 21079 | Lair:6   | Reached skill level 15 in Axes
 21960 | Lair:6   | Found a staircase to the Slime Pits.
 21974 | Lair:6   | Found a viscous altar of Jiyva.
 22324 | Lair:6   | Reached XP level 14. HP: 130/130 MP: 14/14
 22770 | Lair:6   | Received a gift from Trog
 23488 | Lair:6   | Got a dazzling longbow
 23499 | Lair:6   | Identified the +9 longbow of Disaster {freeze, *Drain rElec rPois MR++} (You found it on level 6 of the Lair of Beasts)
 23892 | Orc:1    | Entered Level 1 of the Orcish Mines
 23936 | Orc:1    | Noticed Urug
 23973 | Orc:1    | Killed Urug
 24091 | Orc:1    | Found Qeawiu's Antique Weapon Shop.
 24126 | Orc:1    | Received a gift from Trog
 24598 | Orc:2    | Entered Level 2 of the Orcish Mines
 24639 | Orc:2    | Received a gift from Trog
 25407 | Orc:2    | Received a gift from Trog
 25455 | Orc:2    | Found a staircase to the Elven Halls.
 25819 | Orc:2    | HP: 4/199 [ettin/dire flail (24)]
 26269 | Orc:2    | Received a gift from Trog
 26463 | Orc:2    | Received a gift from Trog
 26809 | Orc:2    | Found Nyrij's Gadget Emporium.
 26852 | Orc:2    | Found an ancient bone altar of Kikubaaqudgha.
 26938 | Orc:2    | Paralysed by an orc sorcerer for 2 turns
 26965 | Orc:2    | Paralysed by an orc sorcerer for 7 turns
 27111 | Orc:2    | Found Vekequdgh's Magic Scroll Shoppe.
 27199 | Orc:2    | Paralysed by an orc sorcerer for 7 turns
 27469 | Orc:2    | Found a radiant altar of Vehumet.
 27778 | Orc:2    | Found a roughly hewn altar of Beogh.
 27818 | Orc:2    | Found Lojishrun's Antique Weapon Emporium.
 27833 | Orc:2    | Found Meriocoe's Antique Armour Emporium.
 27881 | Orc:2    | Bought a scroll of teleportation for 45 gold pieces
 27881 | Orc:2    | Bought a scroll of enchant weapon for 112 gold pieces
 27881 | Orc:2    | Bought a scroll of teleportation for 45 gold pieces
 27881 | Orc:2    | Bought a scroll of summoning for 142 gold pieces
 27881 | Orc:2    | Bought a scroll of teleportation for 45 gold pieces
 28156 | Orc:1    | Noticed Erolcha
 28170 | Orc:1    | Killed Erolcha
 28476 | D:10     | Entered Level 10 of the Dungeon
 28976 | D:10     | Received a gift from Trog
 29647 | D:11     | Found the +8 trident of the Octopus King {venom, rElec rPois MR+}
 30269 | D:11     | Noticed arkorax's ghost (journeyman NaGl)
 30292 | D:11     | Killed arkorax's ghost
 30364 | D:11     | Received a gift from Trog
 30674 | D:12     | Reached skill level 15 in Fighting
 30704 | D:12     | Reached XP level 15. HP: 113/141 MP: 15/15
 30788 | D:12     | Found Tuaq's Magic Scroll Emporium.
 30809 | D:12     | Bought a scroll of blinking for 105 gold pieces
 30809 | D:12     | Bought a scroll of enchant weapon for 105 gold pieces
 32059 | D:13     | Found a sacrificial altar of Ru.
 32089 | D:13     | Received a gift from Trog
 32152 | D:13     | Found Walo's Antique Armour Shoppe.
 32170 | D:13     | Bought a pair of jewelled gloves for 351 gold pieces
 32180 | D:13     | Identified the +0 pair of gloves of the Meadowlark {MR- Str-2 Dex+5 Slay+2} (You bought it in a shop on level 13 of the Dungeon)
 32738 | D:13     | Noticed Azrael
 32766 | D:13     | Killed Azrael
 32769 | D:13     | Received a gift from Trog
 33581 | D:12     | Bought a scroll of magic mapping for 49 gold pieces
 33668 | D:14     | Found a gate to the Vaults.
 33708 | D:14     | Found a labyrinth entrance.
 33729 | Lab      | Entered a labyrinth
 33919 | Lab      | Found an exit through the horrors of the Abyss.
 34354 | Lab      | Identified Saos's Papyrus of Unholy Stones
 34370 | Lab      | Got a translucent ring mail
 34424 | D:14     | Identified the +1 ring mail of Bad Feelings {rF- MR++ rCorr} (You found it in a labyrinth)
 34500 | D:14     | Received a gift from Trog
 34507 | D:14     | Reached skill level 16 in Axes
 34611 | D:14     | Noticed Rupert
 34633 | D:13     | Killed Rupert
 35038 | D:14     | Noticed Frances
 35357 | D:14     | Killed Frances
 36089 | D:15     | Entered Level 15 of the Dungeon
 36396 | D:15     | Noticed Agnes
 36407 | D:14     | Killed Agnes
 36776 | D:15     | Reached skill level 17 in Axes
 36856 | D:15     | Reached XP level 16. HP: 122/151 MP: 16/16
 36997 | D:15     | Received a gift from Trog
 37267 | D:15     | Received a gift from Trog
 37590 | D:15     | Reached skill level 18 in Axes
 37639 | D:15     | Found a staircase to the Depths.
 38533 | Snake:1  | Entered Level 1 of the Snake Pit
 38927 | Snake:1  | Received a gift from Trog
 39485 | Snake:1  | Received a gift from Trog
 39780 | Snake:1  | Noticed Kirke
 40428 | Snake:2  | Found Kelior's General Store.
 40436 | Snake:2  | Reached skill level 19 in Axes
 40536 | Snake:2  | Bought a scroll of enchant armour for 120 gold pieces
 40587 | Snake:2  | Killed Kirke
 40587 | Snake:2  | Received a gift from Trog
 41340 | Snake:2  | Found a bloodstained altar of Trog.
 41411 | Snake:2  | Found a stormy altar of Qazlal.
 41777 | Snake:3  | Reached XP level 17. HP: 51/160 MP: 17/17
 42406 | Snake:3  | Received a gift from Trog
 43038 | Snake:3  | Reached skill level 20 in Axes
 43413 | Snake:3  | Received a gift from Trog
 44187 | Snake:4  | Entered Level 4 of the Snake Pit
 44519 | Snake:4  | HP: 12/241 [black mamba (12)]
 44521 | Snake:4  | HP: 2/241 [black mamba (6)]
 44521 | Snake:4  | Mangled by a naga

Vault maps used:
D:1:      dpeg_arrival_shrine
D:2:      lemuel_crystal_altar, lemuel_doored_altar, grunt_qazlal_clouds
D:3:      kennysheep_nondescript, minmay_mini_jars, uniq_ijyb, uniq_sigmund
D:4:      marbit_many_paths, cheibrodos_sewer_entry_drain, first_ration
D:5:      grunt_temple_overflow_order_and_chaos_1, kennysheep_mini_moat,
          uniq_prince_ribbit1, uniq_pikel, uniq_grinder
D:6:      kennysheep_windowed_halls, temple_statues, serial_shops,
          kennysheep_little_box, hangedman_abyss_or_decor_lesser_grid
D:7:      gammafunk_wand_slinger, makhleb_heckhound_becter, ashenzari_altar_1
D:8:      cheibriados_altar_1, nicolae_overflow_crystal_walls, uniq_maurice
D:9:      gammafunk_temple_of_torment, nemelex_altar_shiori,
          nicolae_overflow_hidden_temple, grunt_lair_entry_orc_guard_hut,
          erik_orc_1, serial_shops, nicolae_shop_statue_plus
D:10:     grunt_livestock, amethyst_killhole
D:12:     serial_shops, shop_statue, stair_cage_line
D:13:     serial_shops, nicolae_shop_waterfront, basic_altar,
          minmay_splitting_lines, uniq_azrael
D:14:     david_vaults_5, serial_bayou_pond_a, lab_entry_generic,
          minmay_misc_feat_plants, minmay_holes, uniq_agnes, uniq_rupert,
          uniq_frances
D:15:     gammafunk_depths_entry_grave, minmay_misc_feat_alley
Lair:2:   minmay_shoals_entry_lonely_mermaid
Lair:3:   dummy_snake_entry, serial_bayou_pond_a, grunt_megastairs_3
Lair:4:   serial_bayou_crossing, serial_bayou_shore_b, uniq_nergalle
Lair:6:   evilmike_catoblepas_cave, slime_altar_1, serial_forest,
          infiniplex_forest_corner_1, infiniplex_forest_diagonal,
          infiniplex_forest_lined_corner, infiniplex_forest_straight_3,
          infiniplex_forest_lined_corner, infiniplex_forest_join,
          infiniplex_forest_corner_1, infiniplex_forest_corner_1,
          infiniplex_forest_lined_room_2
Snake:1:  uniq_kirke
Snake:2:  serial_shops, shop, hangedman_feature_mirror, st_stairs_13,
          nicolae_coiled_stairwell_down
Snake:3:  grunt_ministairs_7
Snake:4:  minmay_snake_end_coiled, grunt_ministairs_15, serial_bayou_pond_d,
          uniq_nikola
Orc:1:    serial_shops, shop_fountains, uniq_erolcha, uniq_urug
Orc:2:    kennysheep_orc_mage_school
Lab:      labyrinth_mini_lab, nicolae_lab_grate_2, labyrinth_fake_exit
Sewer:    sewer_co_tree

Skill      XL: |  1  2  3  4  5  6  7  8  9 10 11 12 13 14 15 16 17 |
---------------+----------------------------------------------------+-----
Fighting       | 4 5 6 7 9 10 12 13 15 16 17 | 17.1
Dodging        | 2 3 4 5 6 7 |  7.2
Axes           | 5 6 7 8 11 12 13 14 15 17 19 20 | 20.7
Armour         | 3 4 6 7 8 9 10 11 12 13 | 13.6
Stealth        | 1 2 3 |  3.0
Bows           | 1 6 7 9 10 12 13 | 13.7
Maces & Flails | |  0.5
Evocations     | |  0.3

Action                   |  1- 3 |  4- 6 |  7- 9 | 10-12 | 13-15 | 16-18 || total
-------------------------+-------+-------+-------+-------+-------+-------++-------
Melee: Hand axe          |   103 |   199 |   440 |   955 |  1542 |       ||  3239
       Flail             |       |       |       |     9 |    30 |       ||    39
       Executioner's axe |       |       |       |       |    91 |   349 ||   440
 Fire: Shortbow          |       |       |    34 |   556 |   996 |   425 ||  2011
Invok: Berserk           |     1 |     2 |     4 |    13 |    25 |     3 ||    48
       Burn Spellbooks   |       |       |       |     5 |     3 |       ||     8
       Brothers in Arms  |       |       |       |       |     1 |     2 ||     3
       Trog's Hand       |       |       |       |       |       |     3 ||     3
 Abil: Evoke Flight      |       |       |       |     1 |       |       ||     1
Evoke: Wand              |       |       |       |       |     3 |       ||     3
  Use: Scroll            |       |     6 |       |    14 |    23 |     2 ||    45
       Potion            |       |       |       |       |       |     3 ||     3
 Stab: Sleeping          |     1 |       |       |       |       |       ||     1
       Distracted        |       |       |       |       |       |     1 ||     1
  Eat: Chunk             |     2 |     8 |    15 |    32 |    66 |    11 ||   134
       Ration            |       |       |       |     4 |     6 |     5 ||    15
Armor: Animal skin       |    17 |       |       |       |       |       ||    17
       Ring mail         |    13 |     6 |       |    97 |       |       ||   116
       Scale mail        |       |    81 |   142 |   213 |   346 |       ||   782
       Chain mail        |       |       |       |       |   246 |   282 ||   528
Dodge: Dodged            |    76 |   129 |   180 |   656 |   961 |   366 ||  2368
Block: Other             |       |       |       |       |    18 |    79 ||    97
       Reflection        |       |       |       |       |     2 |     6 ||     8

Table legend:
 A = Spawn XP
 B = Non-spawn XP
 C = Spawn XP percentage of total XP
 D = Spawn monster count
 E = Non-spawn monster count
 F = Spawn count percentage of total count
 G = Total turns spent on level
                    A         B        C        D         E        F      G
               +---------+---------+-------+---------+---------+-------+---------
         Total |       0 |  215046 |   0.0 |       0 |     960 |   0.0 | 44521
               +---------+---------+-------+---------+---------+-------+---------
           D:1 |       0 |      34 |   0.0 |       0 |      18 |   0.0 |   923
           D:2 |       0 |     108 |   0.0 |       0 |      30 |   0.0 |   879
           D:3 |       0 |     350 |   0.0 |       0 |      27 |   0.0 |  1202
           D:4 |       0 |     384 |   0.0 |       0 |      23 |   0.0 |   608
           D:5 |       0 |    1925 |   0.0 |       0 |      15 |   0.0 |   985
           D:6 |       0 |    1943 |   0.0 |       0 |      44 |   0.0 |  1944
           D:7 |       0 |    1874 |   0.0 |       0 |      41 |   0.0 |  1539
           D:8 |       0 |    1977 |   0.0 |       0 |      37 |   0.0 |  1193
           D:9 |       0 |    5815 |   0.0 |       0 |      56 |   0.0 |  1666
          D:10 |       0 |    2764 |   0.0 |       0 |      33 |   0.0 |  1103
          D:11 |       0 |    4670 |   0.0 |       0 |      33 |   0.0 |  1153
          D:12 |       0 |    6258 |   0.0 |       0 |      32 |   0.0 |   974
          D:13 |       0 |   14252 |   0.0 |       0 |      47 |   0.0 |  2647
          D:14 |       0 |   12231 |   0.0 |       0 |      24 |   0.0 |  1855
          D:15 |       0 |   25528 |   0.0 |       0 |      71 |   0.0 |  1583
        Lair:1 |       0 |    3450 |   0.0 |       0 |      12 |   0.0 |  2172
        Lair:2 |       0 |    4225 |   0.0 |       0 |      22 |   0.0 |  1536
        Lair:3 |       0 |    7829 |   0.0 |       0 |      29 |   0.0 |  2181
        Lair:4 |       0 |    6291 |   0.0 |       0 |      21 |   0.0 |  1508
        Lair:5 |       0 |    6251 |   0.0 |       0 |      20 |   0.0 |  1727
        Lair:6 |       0 |   20108 |   0.0 |       0 |      60 |   0.0 |  3531
       Snake:1 |       0 |   17149 |   0.0 |       0 |      39 |   0.0 |  1582
       Snake:2 |       0 |   17765 |   0.0 |       0 |      35 |   0.0 |  2623
       Snake:3 |       0 |   23789 |   0.0 |       0 |      41 |   0.0 |  1136
       Snake:4 |       0 |   11809 |   0.0 |       0 |      24 |   0.0 |   334
         Orc:1 |       0 |    3330 |   0.0 |       0 |      25 |   0.0 |  1315
         Orc:2 |       0 |   10933 |   0.0 |       0 |      72 |   0.0 |  3222
           Lab |       0 |    1085 |   0.0 |       0 |       1 |   0.0 |   647
         Sewer |       0 |     919 |   0.0 |       0 |      28 |   0.0 |   753
               +---------+---------+-------+---------+---------+-------+---------
